cohdb
Replays
Latest Replays
All Replays
Popular Replays
Top Player Replays
Match Explorer
How It Works
Community
CoH3 Stats
Reddit
Sign in to upload your games and track your stats! →
Sign in with Steam
Match 36440894
Unlisted
Match 36440894
Overview
Messages
Build Orders
End
Construct Barracks
Selects Airborne Battlegroup
Selects Heavy Machine Gun Paradrop
Heavy Machine Gun Paradrop
Riflemen Squad
Grenade Package
Heavy Machine Gun Paradrop
Construct Weapon Support Center
Infantry Support Center
Selects Paratrooper Squad Paradrop
Paratrooper Squad Paradrop
Selects Recon Loiter
M3 Armored Personnel Carrier
Paratrooper Squad Paradrop
Paratrooper Squad Paradrop
Advanced Logistics
Selects Anti-tank Gun Team Paradrop
Anti-tank Gun Team Paradrop
Survival Training
Anti-tank Gun Team Paradrop
Bazooka Squad
Microsoft Outlook
deadsadbadmad
shiberiatora
Lendenwirbel
0
0
Comments
sign in to comment!
No comments posted yet!